 Dungeon Crawl Stone Soup version 0.30.1 (webtiles) character file.

Game seed: 2592787285520240836

2748 Heoruswealwe the Trooper (level 9, -1/72 HPs)
             Began as a Demonspawn Fighter on July 13, 2023.
             Was an Initiate of Qazlal.
             Succumbed to a gnoll sergeant's poison
             ... on level 7 of the Dungeon.
             The game lasted 00:55:10 (5277 turns).

Heoruswealwe the Trooper (Demonspawn Fighter)       Turns: 5277, Time: 00:55:11

Health: -1/72      AC: 15    Str: 20    XL:     9   Next: 41%
Magic:  9/9        EV: 11    Int: 10    God:    Qazlal [......]
Gold:   343        SH:  6    Dex: 15    Spells: 8/8 levels left

rFire   + . .        a - +0 war axe
rCold   . . .        d - +0 buckler
rNeg    . . .        c - +0 plate armour
rPois   .            (helmet unavailable)
rElec   .            h - +0 cloak
rCorr   .            (no gloves)
SInv    +            e - +0 pair of boots
Will    .....        (no amulet) Stlth
                     k - ring of protection from fire
HPRegen 0.32/turn    (no ring)
MPRegen 0.11/turn

%: no passive effects
@: brilliant, agile, lethally poisoned (-1 -> -16)
A: antennae 3, thin skeletal structure 1, powered by pain 1
a: Renounce Religion


You were on level 7 of the Dungeon.
You worshipped Qazlal.
Qazlal was noncommittal.
You visited 2 branches of the dungeon, and saw 8 of its levels.

You collected 343 gold pieces.

Inventory:

Hand Weapons
 a - a +0 war axe (weapon)
 b - a +0 shortbow
Armour
 c - a +0 plate armour (worn)
 d - a +0 buckler (worn)
 e - a +0 pair of boots (worn)
 h - a +0 cloak (worn)
Jewellery
 k - a ring of protection from fire (left hand)
Wands
 p - a wand of iceblast (13)
 q - a wand of quicksilver (2)
 t - a wand of mindburst (18)
Scrolls
 f - 2 scrolls of fog {unknown}
 i - 2 scrolls of enchant armour {unknown}
 j - 3 scrolls of teleportation {unknown}
 l - a scroll of enchant weapon {unknown}
 m - 3 scrolls of identify {unknown}
 n - a scroll of brand weapon {unknown}
 o - 2 scrolls of poison {unknown}
 s - a scroll of immolation {unknown}
 u - a scroll of amnesia {unknown}
Potions
 g - 4 potions of flight
 v - a potion of ambrosia {unknown}


   Skills:
 + Level 7.2 Fighting
 + Level 6.1 Axes
 + Level 6.5 Armour
 + Level 6.5 Shields


You had 8 spell levels left.
You didn't know any spells.
Your spell library contained the following spells:

 Spells                   Type           Power      Damage    Failure   Level
 Slow                     Hex            0%         N/A       100%        1
 Blink                    Tloc           0%         N/A       100%        2
 Confusing Touch          Hex            0%         N/A       100%        3
 Tukima's Dance           Hex            0%         N/A       100%        3
 Vampiric Draining        Necr           0%         2d6       100%        3
 Manifold Assault         Tloc           0%         N/A       100%        4
 Passage of Golubria      Tloc           0%         N/A       100%        4
 Yara's Violent Unravell  Hex/Tmut       0%         3d3       100%        5
 Storm Form               Tmut/Air       0%         N/A       100%        7


Dungeon Overview and Level Annotations

Branches:
Dungeon (7/15)             Temple (1/1) D:6

Altars:
Ashenzari
Cheibriados
Dithmenos
Fedhas
Gozag
Hepliaklqana
Kikubaaqudgha
Nemelex Xobeh
Okawaru
Qazlal
Uskayaw
Vehumet
Wu Jian
Xom


Innate Abilities, Weirdness & Mutations

You have a pair of large antennae on your head. (SInv)
You have a somewhat thin skeletal structure. (Dex +2, Stealth+)
You sometimes gain a little power by taking damage.


Message History

You hit the gnoll sergeant.
The gnoll sergeant is lightly wounded.
You feel sick.
The gnoll sergeant hits you but does no damage.
You are more poisoned.
The gnoll sergeant hits you with a +1 spear of venom.
You are more poisoned.
You closely miss the gnoll sergeant.
The gnoll sergeant is lightly wounded.
You feel extremely sick.
The gnoll sergeant hits you but does no damage.
You barely miss the gnoll sergeant.
The gnoll sergeant is lightly wounded.
You feel very sick.
The gnoll sergeant hits you but does no damage.
You are more poisoned.
You barely miss the gnoll sergeant.
The gnoll sergeant is lightly wounded.
You feel very sick.
The gnoll sergeant hits you but does no damage.
You are lethally poisoned!
You slash the gnoll sergeant!
The gnoll sergeant is moderately wounded.
* * * LOW HITPOINT WARNING * * *
You feel very sick.
The gnoll sergeant hits you with a +1 spear of venom.
* * * LOW HITPOINT WARNING * * *
You are more poisoned.
The gnoll sergeant hits you with a +1 spear of venom.
* * * LOW HITPOINT WARNING * * *
The gnoll sergeant attacks as you move away!
The gnoll sergeant misses you.
* * * LOW HITPOINT WARNING * * *
You feel very sick. The gnoll sergeant misses you.
* * * LOW HITPOINT WARNING * * *
You feel very sick.
It was a potion of brilliance.
You feel clever all of a sudden.
You die...

##..# ...... ..... #....#
#.... #....# #...##
#....### ##....# # #.....
.....###.# #....# #..<...#
###....#######.#@#########
..................g.og..>#
#####.##########.###g.....
#.# #.# {.?... #.# #.#
.... #.# #.# ... #.# { ..#
.. #<# { {..# # ### ..+


You could see a gnoll sergeant, 2 gnolls and an orc.

Vanquished Creatures
  Pikel (D:5)
  The ghost of Graphine the Skirmisher, a novice DEHu of Hepliaklqana (D:6)
  Sigmund (D:4)
  A water moccasin (D:6)
  An orc warrior (D:6)
  2 ice beasts (D:6)
  A black bear (D:6)
  An ogre (D:5)
  A centaur (D:5)
  2 phantoms
  4 scorpions
  2 jellies
  3 orc priests
  A gnoll bouda (D:6)
  A hound (D:6)
  3 sleepcaps
  Ijyb (D:4)
  4 iguanas
  5 orc wizards
  4 gnolls (D:6)
  8 adders
  4 shadow imps (D:6)
  A worm (D:3)
  23 orcs
  5 ball pythons
  6 bats
  7 endoplasms
  8 giant cockroaches
  9 goblins
  8 hobgoblins
  7 jackals (D:1)
  6 quokkas
  5 frilled lizards
  3 kobolds
  6 rats
146 creatures vanquished.

Notes
Turn   | Place    | Note
-------+----------+-------------------------------------------
     0 | D:1      | Heoruswealwe the Demonspawn Fighter began the quest for the
                  | Orb.
     0 | D:1      | Reached XP level 1. HP: 18/18 MP: 1/1
   116 | D:1      | Gained mutation: You sometimes gain a little power by
                  | taking damage. [demonic ancestry]
   116 | D:1      | Reached XP level 2. HP: 21/24 MP: 2/2
   241 | D:1      | Found a faded altar of an unknown god.
   459 | D:1      | Gained mutation: You have a pair of small antennae on your
                  | head. [demonic ancestry]
   459 | D:1      | Reached XP level 3. HP: 29/29 MP: 3/3
   461 | D:1      | You fall into a shaft and drop 1 floor!
  1865 | D:3      | Reached XP level 4. HP: 35/35 MP: 4/4
  2374 | D:4      | Noticed a scorpion
  2378 | D:4      | Killed a scorpion
  2379 | D:4      | Reached XP level 5. HP: 29/42 MP: 5/5
  2399 | D:4      | Reached skill level 4 in Fighting
  2498 | D:4      | Noticed Ijyb
  2510 | D:4      | Killed Ijyb
  2511 | D:4      | Gained mutation: You have a pair of antennae on your head.
                  | [demonic ancestry]
  2511 | D:4      | Reached XP level 6. HP: 25/48 MP: 6/6
  2895 | D:4      | Noticed Sigmund
  2905 | D:4      | Killed Sigmund
  2906 | D:4      | Gained mutation: You have a somewhat thin skeletal
                  | structure. (Dex +2, Stealth+) [demonic ancestry]
  2906 | D:4      | Reached XP level 7. HP: 49/55 MP: 7/7
  3000 | D:5      | Entered Level 5 of the Dungeon
  3014 | D:5      | Reached skill level 5 in Fighting
  3147 | D:5      | Noticed Pikel
  3167 | D:5      | Killed Pikel
  3168 | D:5      | Reached skill level 5 in Armour
  3168 | D:5      | Reached skill level 5 in Shields
  3168 | D:5      | Reached XP level 8. HP: 35/64 MP: 8/8
  3615 | D:5      | Reached skill level 6 in Fighting
  3615 | D:5      | Reached skill level 5 in Axes
  4117 | D:6      | Gained mutation: You have a pair of large antennae on your
                  | head. (SInv) [demonic ancestry]
  4117 | D:6      | Reached XP level 9. HP: 28/71 MP: 9/9
  4343 | D:6      | Found a staircase to the Ecumenical Temple.
  4382 | Temple   | Entered the Ecumenical Temple
  4405 | Temple   | Became a worshipper of Qazlal Stormbringer
  4696 | D:6      | Found a runed translucent door.
  4697 | D:6      | Noticed Graphine's ghost (novice DEHu)
  5142 | D:6      | Killed Graphine's ghost
  5143 | D:6      | Reached skill level 7 in Fighting
  5276 | D:7      | HP: 3/72 [poisoned by a gnoll sergeant]
  5277 | D:7      | Succumbed to a gnoll sergeant's poison

Illustrated notes

Levels and vault maps discovered:
D:1:      amcnicky_arrival_single_pillar, layout_basic, basic_ecumenical_altar
D:2:      layout_loops_corners
D:3:      layout_loops_ring
D:4:      layout_cave_pools, uniq_ijyb, uniq_sigmund
D:5:      layout_cave_pods, uniq_pikel
D:6:      layout_rooms, minmay_temple_entry_waves, gammafunk_ghost_grave,
          chequers_serial_rivers_room_a
D:7:      layout_basic
Temple:   bh_familiar_temple

Skill      XL: |  1  2  3  4  5  6  7  8  9 |
---------------+----------------------------+-----
Axes           | 2 3 4 5 6 |  6.1
Armour         | 3 4 5 6 |  6.5
Shields        | 3 4 5 6 |  6.5
Fighting       | 4 5 6 7 |  7.2

Action                     |  1- 3 |  4- 6 |  7- 9 || total
---------------------------+-------+-------+-------++-------
  Melee: War axe           |   123 |   114 |   321 ||   558
    Use: Potion            |       |     5 |     5 ||    10
 Armour: Scale mail        |    31 |       |       ||    31
         Plate armour      |    42 |    98 |   222 ||   362
  Dodge: Dodged            |    41 |    29 |    70 ||   140
  Block: Buckler           |    36 |    29 |    75 ||   140
